 Dungeon Crawl Stone Soup version 0.18-a0-816-g97f838e (webtiles) character file.

16 cluie the Gusty (level 2, 15/20 HPs)
             Began as a Demonspawn Air Elementalist on Dec 15, 2015.
             Quit the game on level 1 of the Dungeon.
             The game lasted 00:01:08 (476 turns).

cluie the Gusty (Demonspawn Air Elementalist)        Turns: 476, Time: 00:01:08

Health: 15/20      AC:  7    Str:  8    XL:     2   Next: 37%
Magic:  5/5        EV: 12    Int: 16    God:
Gold:   31         SH:  0    Dex: 13    Spells: 1 memorised, 4 levels left

rFire  . . .     SeeInvis .     e - +1 dagger (protect)
rCold  . . .     Clarity  .     a - +0 robe
rNeg   . . .     SustAt   .     (no shield)
rPois  .         Gourm    .     (helmet restricted)
rElec  .         Spirit   .     (no cloak)
rCorr  .         Dismiss  .     (no gloves)
rMut   .         Stasis   .     (no boots)
MR     .....                    (no amulet)
Stlth  +++.......               (no ring)
                                m - ring of stealth

@: not resistant to hostile enchantments, fairly stealthy
A: antennae 1
a: no special abilities


You were on level 1 of the Dungeon.
You were not hungry.

You visited 1 branch of the dungeon, and saw 1 of its levels.

You collected 31 gold pieces.

Inventory:

Hand Weapons
 e - a +1 dagger of protection (weapon)
Armour
 a - a +0 robe (worn)
Jewellery
 m - a ring of stealth (left hand)
Scrolls
 g - a scroll of identify {unknown}
 h - 2 scrolls of noise {unknown}
 j - a scroll of enchant armour {unknown}
 k - 2 scrolls of random uselessness {unknown}
Potions
 i - a potion of cancellation {unknown}
 l - a potion of agility {unknown}
 n - a potion of degeneration {unknown}
 o - a potion of might {unknown}
Books
 b - a book of Air

   Spells                             Type                      Level
   a - Shock                          Conjuration/Air              1
   b - Swiftness                      Charms/Air                   2
   c - Repel Missiles                 Charms/Air                   2
   d - Static Discharge               Conjuration/Air              3
   e - Lightning Bolt                 Conjuration/Air              5
Comestibles
 c - a bread ration
 d - a meat ration
 f - 2 beef jerkies


   Skills:
 + Level 0.4 Fighting
 - Level 1.7 Dodging
 - Level 1.7 Stealth
 + Level 2.3 Spellcasting
 * Level 1.3 Conjurations
 + Level 3.0 Air Magic


You had 4 spell levels left.
You knew the following spells:

 Your Spells              Type           Power        Failure   Level  Hunger
a - Shock                 Conj/Air       #...         10%         1    #......


Dungeon Overview and Level Annotations

Branches:
Dungeon (1/15)

Altars:


Innate Abilities, Weirdness & Mutations

You have a pair of small antennae on your head.


Message History

The bat hits you but does no damage.
A bat is nearby!
The bat barely misses you. The bat closely misses you.
The bat hits you but does no damage. The bat hits you but does no damage.
You hit the bat.
You kill the bat!
Your Air Magic skill increases to level 3!
No target in view!
m - a moonstone ring Put on which piece of jewellery? (? for menu, Esc to quit)
m - a ring of stealth (left hand)
n - a lumpy dark potion
o - a bubbling golden potion A rat comes into view.
Save game and exit?
Welcome back, cluie the Demonspawn Air Elementalist.
Press ? for a list of commands and other information.
Unknown command.
Are you sure you want to abandon this character and quit the game? (Confirm with "yes".)

######## ##......##
##........# ####
#.......... ...#
#.......... #.r##
#..........
#..######..........
#@##..............
#.................
###............... .
#..........†.... ##
..#####..............
.#♣♣♣♣♣#.#
#.........(..........
..........
.....................
♣..♣.♣..♣
#...................#
♣♣..≈..♣
......[............##


You could see a rat (sleeping).

Vanquished Creatures
  A giant gecko (D:1)
  3 goblins (D:1)
  A hobgoblin (D:1)
  5 bats (D:1)
  2 kobolds (D:1)
  3 rats (D:1)
15 creatures vanquished.

Notes
Turn   | Place    | Note
--------------------------------------------------------------
     0 | D:1      | cluie the Demonspawn Air Elementalist began the quest for the Orb.
     0 | D:1      | Reached XP level 1. HP: 13/13 MP: 3/3
   335 | D:1      | Gained mutation: You have a pair of small antennae on your head. [demonic ancestry]
   335 | D:1      | Reached XP level 2. HP: 15/20 MP: 1/5
   446 | D:1      | Reached skill level 3 in Air Magic
   476 | D:1      | Quit the game

Vault maps used:
D:1:      tarquinn_simple_flora_water_b, ashenzari_altar_1

Action                   || total
-------------------------++-------
Melee: Dagger            ||    47
       Unarmed           ||     7
 Cast: Shock             ||     5
 Stab: Sleeping          ||     2
